 Dungeon Crawl Stone Soup version 0.21.1-1-g345015f (webtiles) character file.

1072509 erloom the Conqueror (level 27, -4/263 (273) HPs)
             Began as a Minotaur Fighter on Mar 3, 2018.
             Was the Champion of the Shining One.
             Killed from afar by a hellion (16 damage)
             ... with damnation
             ... in Pandemonium on Mar 4, 2018.
             The game lasted 06:20:54 (90256 turns).

erloom the Conqueror (Minotaur Fighter)            Turns: 90256, Time: 06:20:54

HP:   -4/263 (273)  AC: 51    Str: 29      XL:     27
MP:   47/47         EV: 22    Int: 11 (12) God:    the Shining One [******]
Gold: 11695         SH: 20    Dex: 14 (16) Spells: 42/59 levels left

rFire    + + +     SeeInvis .   t - +9 eudemon blade (holy)
rCold    + + +     Gourm    .   u - +5 shield {reflect}
rNeg     + + +     Faith    +   L - +9 scales of the Dragon King {rPois rF+ rC+ MR+}
rPois    +         Spirit   .   (helmet unavailable)
rElec    .         Reflect  +   c - +2 cloak of Gluttony {+Inv MP+9 Str-2 Dex+8}
rCorr    .         Harm     .   W - +1 pair of gloves "Logaric" {+Fly MR+ Stlth+}
MR       ++++.     Rnd*Rage +   p - +2 pair of boots {Fly}
Stlth    ..........             B - amulet of Anarchy {Faith rF+ Str+4 Int+4}
HPRegen  0.53/turn              E - ring "Xixkots" {+Inv rC+++ Int-5 Slay+5 Stlth+}
MPRegen  0.30/turn              S - ring of the Octopus King {rF+ AC+1 EV+1 Str+1 Int+1 Dex+1}

@: flying, glowing
A: retaliatory headbutt, horns 3, molten scales 2, berserk 1, blurry vision 1,
clumsy 2, deterioration 1, dopey 1, low mp 1, poison resistance, strong 1,
evolution 1
}: 9/15 runes: barnacled, slimy, silver, iron, obsidian, icy, bone, abyssal,
gossamer
a: Divine Shield, Cleansing Flame, Summon Divine Warrior, Renounce Religion,
Evoke Invisibility, Stop Flying


You were in Pandemonium.
You worshipped the Shining One.
The Shining One was exalted by your worship.
You were not hungry.

You visited 17 branches of the dungeon, and saw 86 of its levels.
You visited Pandemonium 2 times, and saw 2 of its levels.
You visited the Abyss 1 time.
You also visited: Labyrinth, Sewer, Bailey, Ice Cave and Wizlab.

You collected 12580 gold pieces.
You spent 885 gold pieces at shops.

Inventory:

Hand Weapons
 t - a +9 eudemon blade of holy wrath (weapon)
 x - the +9 falchion "Hell-Harrower" {speed, *Corrode MR++}
   (You found it on level 5 of the Dungeon)

   Attacks with this weapon are significantly faster.
   It affects your resistance to hostile enchantments.
   It may corrode you when you take damage.
Missiles
 O - 16 poisoned javelins
 R - 31 steel javelins (quivered)
 Z - 20 silver javelins
Armour
 a - a +2 hat
 c - the +2 cloak of Gluttony (worn) {+Inv MP+9 Str-2 Dex+8}
   (You acquired it on level 3 of the Elven Halls)

   It affects your strength (-2).
   It affects your dexterity (+8).
   It affects your magic capacity (+9).
   It lets you turn invisible.
 p - a +2 pair of boots of flying (worn)
 u - a +5 shield of reflection (worn)
 L - the +9 scales of the Dragon King (worn) {rPois rF+ rC+ MR+}
   (You found it on level 8 of the Dungeon)

   It protects you from fire.
   It protects you from cold.
   It protects you from poison.
   It affects your resistance to hostile enchantments.
 P - a +2 pair of gloves of strength
 W - the +1 pair of gloves "Logaric" (worn) {+Fly MR+ Stlth+}
   (You found it on level 7 of Gehenna)

   It affects your resistance to hostile enchantments.
   It lets you fly.
   It makes you more stealthy.
Jewellery
 d - an uncursed ring of protection from magic
 z - a +5 amulet of reflection
 B - the amulet of Anarchy (around neck) {Faith rF+ Str+4 Int+4}
   (You found it on level 3 of the Crypt)

   [amulet of faith]

   It allows you to gain divine favour quickly.
   It affects your strength (+4).
   It affects your intelligence (+4).
   It protects you from fire.
 C - the ring "Wouh" {rCorr rC+++ Str+3 Dex-3}
   (You found it on level 7 of Gehenna)

   [ring of resist corrosion]

   It affects your strength (+3).
   It affects your dexterity (-3).
   It renders you almost immune to cold.
 E - the ring "Xixkots" (left hand) {+Inv rC+++ Int-5 Slay+5 Stlth+}
   (You took it off a deep elf annihilator on level 3 of the Elven Halls)

   [ring of stealth]

   It affects your intelligence (-5).
   It affects your accuracy and damage with ranged weapons and melee attacks
   (+5).
   It renders you almost immune to cold.
   It lets you turn invisible.
   It makes you more stealthy.
 J - the ring "Omaapn" {rElec rC+ Str+4}
   (You found it on level 2 of the Shoals)

   [ring of protection from cold]

   It affects your strength (+4).
   It protects you from cold.
   It insulates you from electricity.
 S - a ring of the Octopus King (right hand) {rF+ AC+1 EV+1 Str+1 Int+1 Dex+1}
   (You found it on level 7 of Cocytus)

   [ring of protection from fire]

   It affects your AC (+1).
   It affects your evasion (+1).
   It affects your strength (+1).
   It affects your intelligence (+1).
   It affects your dexterity (+1).
   It protects you from fire.
Wands
 j - a wand of disintegration (73)
 m - a wand of iceblast (31)
 K - a wand of scattershot (5)
 U - a wand of digging (121)
 Y - a wand of paralysis (19)
Scrolls
 b - 7 scrolls of fog
 i - 4 scrolls of summoning
 l - 31 scrolls of teleportation
 q - 8 scrolls of fear
 r - 4 scrolls of blinking
 v - 23 scrolls of remove curse
 w - a scroll of amnesia
 y - 3 scrolls of enchant weapon
 A - a scroll of magic mapping
 H - 14 scrolls of identify
 I - a scroll of silence
Potions
 g - a potion of resistance
 k - 3 potions of ambrosia
 o - a potion of magic
 s - 11 potions of lignification
 D - 3 potions of haste
 F - 3 potions of berserk rage
 Q - 7 potions of heal wounds
 T - 7 potions of cancellation
 V - 2 potions of agility
 X - 24 potions of curing
Books
 e - Kaxish's Tome of Freezing Protection
   (You found it on level 7 of Gehenna)

   Spells                             Type                      Level
   a - Song of Slaying                Charms                       2
   b - Iskenderun's Battlesphere      Conjuration/Charms           5
   c - Freezing Cloud                 Conjuration/Ice/Air          6
   d - Ozocubu's Refrigeration        Ice                          6
 G - the Almanac of Displacement and Clay
   (You found it on level 7 of Gehenna)

   Spells                             Type                      Level
   a - Passwall                       Transmutation/Earth          2
   b - Portal Projectile              Hexes/Translocation          3
   c - Recall                         Summoning/Translocation      3
   d - Iron Shot                      Conjuration/Earth            6
   e - Statue Form                    Transmutation/Earth          6
Miscellaneous
 h - a lightning rod (4/4)
 n - the horn of Geryon
 M - a phial of floods
 N - a lamp of fire
Comestibles
 f - 68 rations


   Skills:
 O Level 27 Fighting
 - Level 14.0 Long Blades
   Level 7.0 Axes
 - Level 12.6 Throwing
 O Level 27 Armour
 + Level 25.6 Dodging
 - Level 15.0 Shields
 + Level 16.7 Spellcasting
 + Level 1.1 Charms
 - Level 10.1 Translocations
 + Level 15.6 Transmutations
 + Level 15.7 Earth Magic
 + Level 22.0 Invocations
 - Level 10.0 Evocations


You had 42 spell levels left.
You knew the following spells:

 Your Spells              Type           Power        Failure   Level  Hunger
a - Blink                 Tloc           N/A          1%          2    None
b - Lesser Beckoning      Tloc           ####......   1%          3    None
c - Shroud of Golubria    Chrm/Tloc      ###.......   5%          2    None
d - Summon Butterflies    Summ           #.......     34%         1    None
g - Apportation           Tloc           ####..       1%          1    None
h - Statue Form           Tmut/Erth      #####....    9%          6    ######.
i - Song of Slaying       Chrm           ##......     34%         2    None


Dungeon Overview and Level Annotations

Branches:
Dungeon (15/15)            Temple (1/1) D:7            Lair (6/6) D:10
 Shoals (4/4) Lair:2       Spider (4/4) Lair:3        Slime (5/5) Lair:6
    Orc (2/2) D:10            Elf (3/3) Orc:2        Vaults (5/5) D:14
  Crypt (3/3) Vaults:2       Tomb (0/3) Crypt:3      Depths (5/5) D:15
   Hell (1/1)                 Dis (7/7) Hell            Geh (7/7) Hell
    Coc (7/7) Hell            Tar (7/7) Hell            Zot (4/5) Depths:5

Altars:
Ashenzari
Cheibriados
Dithmenos
Elyvilon
Fedhas
Gozag
Hepliaklqana
Kikubaaqudgha
Makhleb
Nemelex Xobeh
Okawaru
Qazlal
Ru
Sif Muna
Trog
Uskayaw
Vehumet
Wu Jian
Xom
Yredelemnul
Zin
The Shining One
Beogh
Jiyva

Shops:
D:5 *   Orc:2 (?*!   Elf:1 }==   Elf:2 %   Elf:3 !   Shoals:2 [   Shoals:4 (
Vaults:4 *

Portals:
Hell: Depths:1 Depths:2 Depths:3 Depths:4 Depths:5
Abyss: Depths:2 Depths:4
Pandemonium: Depths:2 Depths:3
Ziggurat: Depths:3

Annotations:
Depths:1 exclusion: orange crystal statue


Innate Abilities, Weirdness & Mutations

You reflexively headbutt those who attack you in melee.
You have a pair of large horns on your head.
You are mostly covered in molten scales. (AC +3)
You tend to lose your temper in combat.
Scrolls take you a little longer to read.
You are very clumsy. (Dex -4)
Your body sometimes deteriorates upon taking damage.
You are dopey. (Int -2)
Your magical capacity is low. (-10% MP)
Your system is resistant to poisons. (rPois)
Your muscles are strong. (Str +2)
You evolve.


Message History

The hellion gestures at you.
The sphere of damnation explodes!
The damnation engulfs you!
Your body deteriorates!
You feel clumsy. The hellion gestures at you.
The sphere of damnation explodes!
The damnation engulfs you! The hellion gestures at you.
The sphere of damnation explodes!
The damnation engulfs you!
* * * LOW HITPOINT WARNING * * *
Your body deteriorates!
You feel dopey. The hellion gestures at you.
The sphere of damnation explodes!
The damnation engulfs you!
* * * LOW HITPOINT WARNING * * *
The hellion gestures at you.
The sphere of damnation explodes!
The damnation engulfs you!
* * * LOW HITPOINT WARNING * * *
You hear a shout! x2
A hellion comes into view.
The hellion gestures at you.
The sphere of damnation explodes!
The damnation engulfs you!
You die...

..2Y22≈§≈≈....#....# ...
222}&2≈≈≈.....#....# ....
≈2222≈§≈≈.....#....#.....
§≈≈§≈§≈≈≈.....#....#.....
§≈§§§§§≈......#....#.....
§≈§≈≈≈≈.......####'#.....
§§§§≈...................
≈§§§....................
§.§.....@................
.........................
.........................
...#######..########.....
.. #..# ..... . #..#
..... #..# ..... #..#
.... #..# ...


You could see Olueddub and 4 hellions.

Vanquished Creatures
  Antaeus (Coc:7)
  the Royal Jelly (Slime:5)
  Ereshkigal (Tar:7)
  the Serpent of Hell (Coc:7)
  An orb of fire (Zot:3)
  Dispater (Dis:7)
  4 ancient liches
  16 shard shrikes
  2 caustic shrikes (Depths:3)
  Jory (Depths:4)
  Geryon (Hell)
  7 golden dragons
  Nikola (Shoals:1)
  13 bone dragons
  17 Tzitzimimeh
  30 Brimstone Fiends
  7 doom hounds
  3 electric golems
  Jorgrun (Shoals:2)
  12 iron giants
  A hellephant (Depths:1)
  17 tentacled monstrosities
  7 Hell Sentinels
  8 titans
  15 Ice Fiends
  A shard shrike skeleton (Crypt:1)
  5 deep elf blademasters
  11 liches
  2 deep elf master archers
  9 quicksilver dragons
  Gastronok (Lair:1)
  29 acid blobs
  2 Executioners
  11 ancient champions
  4 eldritch tentacles
  7 tengu reavers
  4 tentacled starspawn
  5 sphinxes
  6 death cobs
  16 shadow dragons
  Roxanne (Shoals:1)
  Donald (Elf:1)
  A daeva (Pan)
  16 storm dragons
  19 azure jellies
  A revenant (Crypt:2)
  Ilsuiw (Shoals:4)
  Aizul (Shoals:1)
  A draconian monk (Zot:2)
  13 ghost moths
  18 fire giants
  Louise (Shoals:1)
  A frost giant (shapeshifter) (Depths:2)
  11 iron dragons
  11 deep elf sorcerers
  10 frost giants
  4 draconian scorchers
  An orc warlord (Vaults:5)
  18 vault wardens
  6 emperor scorpions
  3 draconian knights
  5 angels (Pan)
  2 curse skulls (Crypt:2)
  13 balrugs
  The ghost of buskinjo2 the Spear-Bearer, a journeyman OpFi of Gozag (D:15)
  2 deep elf elementalists
  A cacodemon (Pan)
  6 draconian stormcallers
  4 draconian shifters
  5 elemental wellsprings
  14 war gargoyles
  69 reapers
  9 draconian annihilators
  14 ironheart preservers
  A spriggan defender (Depths:3)
  19 stone giants
  21 very ugly things
  7 entropy weavers
  3 ophanim (Pan)
  19 ghouls
  6 green draconians
  10 vampire knights
  An entropy weaver (shapeshifter) (Depths:2)
  2 grey draconians (Depths:5)
  6 black draconians
  18 deep elf annihilators
  11 red draconians
  Nessos (D:14)
  8 spark wasps
  10 deep elf demonologists
  5 yellow draconians
  A lorocyproca (Abyss:2)
  3 purple draconians
  A dire elephant (D:15)
  12 deep elf death magi
  6 ettins
  23 blizzard demons
  An ettin (shapeshifter) (Depths:2)
  5 white draconians
  7 merfolk javelineers
  Snorg (D:14)
  3 eidola
  7 death oozes
  4 crystal guardians
  A green death (Dis:7)
  12 fire dragons
  11 merfolk impalers
  A minotaur (Lab)
  16 jiangshi
  A quicksilver dragon zombie (Tar:2)
  3 deep elf high priests (Elf:3)
  10 yaktaur captains
  An ice dragon (shapeshifter) (Depths:2)
  11 great orbs of eyes
  2 quicksilver dragon skeletons (Tar:7)
  A kraken zombie (Hell)
  A rakshasa (Depths:3)
  Erolcha (D:10)
  34 ice dragons
  A juggernaut simulacrum (Depths:2)
  2 hell beasts (Dis:7)
  35 vault guards
  3 hydras
  A ghost crab (Tar:4)
  6 death knights
  7 spriggan air magi
  3 catoblepae
  An alligator snapping turtle (Shoals:4)
  6 merfolk avatars
  14 centaur warriors
  2 satyrs
  A merfolk aquamancer (Shoals:4)
  3 tengu warriors
  31 dancing weapons
  16 ogre magi
  4 death yaks
  52 two-headed ogres
  36 hell hogs
  10 deep troll shamans
  6 deep troll earth magi
  10 titan zombies
  4 spriggan berserkers
  12 soul eaters
  4 orc high priests
  6 thrashing horrors
  13 vampire magi
  24 sun demons
  6 small abominations
  7 titan skeletons
  3 spriggans (Depths:5)
  A fire crab (shapeshifter) (D:15)
  36 deep elf knights
  A sixfirhy (Abyss:2)
  3 iron golems
  Sonja (D:10)
  6 storm dragon zombies
  7 sea snakes
  51 hell knights
  13 anaconda zombies
  136 skeletal warriors
  A death drake (Tar:7)
  2 ghost moth zombies
  8 shadow wraiths
  7 storm dragon skeletons
  6 spatial maelstroms (Abyss:4)
  5 cherubim (Pan)
  33 deep trolls
  3 golden dragon zombies
  17 flayed ghosts
  A kraken simulacrum (Shoals:4)
  2 unseen horrors (D:14)
  4 wizards
  4 golden dragon skeletons
  5 glowing orange brains
  12 ironbrand convokers
  23 deep elf archers
  An obsidian statue (WizLab)
  13 phantasmal warriors
  17 shadow demons
  13 anaconda skeletons
  A lindwurm (Lair:6)
  2 glowing orange brains (shapeshifter) (Depths:3)
  6 wolf spider zombies
  5 harpies (Shoals:2)
  10 frost giant zombies
  12 shadow dragon zombies
  2 mana vipers
  8 stone giant zombies
  37 wolf spiders
  13 manticores
  4 orc sorcerers (Orc:2)
  18 orc knights
  4 human zombies
  34 necromancers
  5 iron dragon zombies
  16 orb spiders
  91 deep elf magi
  7 shining eyes
  52 ugly things
  A manticore (shapeshifter) (Depths:2)
  A salamander (D:15)
  A faun (shapeshifter) (Depths:2)
  8 fire giant zombies
  8 shadow dragon skeletons
  9 cyclopes
  10 fauns
  19 moths of wrath
  6 black mambas
  3 elephants
  4 worldbinders
  11 merfolk sirens
  An apocalypse crab (WizLab)
  2 salamanders (shapeshifter)
  4 iron dragon skeletons
  2 shock serpent zombies
  9 ice statues
  41 rust devils
  A guardian serpent (Abyss:2)
  13 fire giant skeletons
  3 naga magi (Depths:2)
  22 vault sentinels
  8 dire elephant zombies
  An eye of devastation (Slime:3)
  14 molten gargoyles
  6 dire elephant skeletons
  4 water nymphs
  An eye of devastation (shapeshifter) (Depths:3)
  6 frost giant skeletons
  46 hellions
  11 spiny frogs
  2 torpor snails
  15 smoke demons
  A catoblepas zombie (Hell)
  4 centaur skeletons
  A shock serpent skeleton (Geh:2)
  6 stone giant skeletons
  A demonspawn skeleton (WizLab)
  2 orange demons
  7 efreet
  38 freezing wraiths
  3 kobold demonologists
  A black draconian zombie (Crypt:1)
  48 tormentors
  4 emperor scorpion zombies
  A rime drake (shapeshifter) (Vaults:3)
  5 rime drakes
  4 anaconda simulacra
  2 green draconian zombies
  54 yaktaurs
  10 demonic crawlers
  5 hellwings
  44 ice devils
  12 komodo dragons
  A golden dragon simulacrum (IceCv)
  A catoblepas skeleton (Geh:3)
  45 red devils
  2 ancient zymes
  3 silent spectres
  11 trolls
  A jumping spider (shapeshifter) (Elf:3)
  A polar bear (shapeshifter) (Vaults:2)
  3 meliai (D:14)
  18 hydra zombies
  A tengu simulacrum (Vaults:2)
  A meliai (shapeshifter) (Abyss:4)
  26 jumping spiders
  4 polar bears (Lair:6)
  5 wind drakes
  4 harpy zombies
  11 hydra skeletons
  2 hornets (shapeshifter)
  28 merfolk
  7 fire dragon zombies
  6 hippogriffs
  A raiju (shapeshifter) (Elf:1)
  A stone giant simulacrum (Vaults:1)
  15 dream sheep
  15 hornets
  An iron dragon simulacrum (Coc:1)
  15 blink frogs
  142 slime creatures
  A minotaur skeleton (Crypt:2)
  6 bog bodies
  7 raiju
  4 alligator zombies
  10 ettin zombies
  5 snapping turtles
  5 ettin skeletons
  2 ice dragon zombies
  2 fire giant simulacra
  5 air elementals
  7 starcursed masses (Abyss:2)
  177 flying skulls
  46 wraiths
  6 fire dragon skeletons
  2 black mamba zombies
  64 shadows
  Eustachio (D:5)
  24 tarantellas
  5 alligator skeletons
  6 ice dragon skeletons
  59 redbacks
  13 water elementals
  47 fire elementals
  An orc simulacrum (Vaults:3)
  A wind drake zombie (Crypt:2)
  12 wyverns
  3 dire elephant simulacra
  A human (shapeshifter) (Depths:3)
  2 black mamba skeletons
  32 yaks
  8 golden eyes
  5 basilisks
  2 humans (D:8)
  A human simulacrum (Vaults:1)
  A chaos spawn (Abyss:2)
  2 steam dragons (Lair:6)
  4 vampire mosquitoes (D:15)
  A yaktaur simulacrum (Vaults:2)
  3 swamp worms (shapeshifter)
  7 spatial vortices
  6 hungry ghosts
  Edmund (D:5)
  7 wargs
  2 merfolk zombies
  A deep troll zombie (Vaults:4)
  An insubstantial wisp (WizLab)
  9 acid dragons
  11 water moccasins
  An ogre skeleton (WizLab)
  9 spiny frog zombies
  4 hydra simulacra
  7 large abominations
  9 porcupines
  94 hell hounds
  A black bear (shapeshifter) (Depths:1)
  38 orc warriors
  16 ice beasts
  5 spiny frog skeletons
  7 sky beasts
  4 black bears
  A gelid demonspawn skeleton (Crypt:2)
  An ettin simulacrum (IceCv)
  A manticore zombie (Tar:3)
  4 snapping turtle zombies
  28 necrophages
  8 eyes of draining
  13 wolves
  34 ogres
  11 boggarts
  11 phantoms
  A wolf (shapeshifter) (Vaults:1)
  8 snapping turtle skeletons
  34 centaurs
  12 crocodiles
  2 manticore skeletons
  A torpor snail zombie (Crypt:1)
  2 swamp dragon skeletons (Coc:6)
  11 big kobolds
  A salamander zombie (Crypt:1)
  3 elf zombies
  15 bullfrogs
  5 earth elementals
  3 elf skeletons
  A cyclops zombie (Crypt:2)
  A gnoll sergeant (Orc:1)
  A komodo dragon zombie (Crypt:2)
  A wyvern zombie (D:13)
  A deep troll simulacrum (Vaults:4)
  6 human skeletons
  A scorpion (D:7)
  A water moccasin skeleton (D:6)
  9 killer bees
  A troll zombie (Tar:2)
  A snapping turtle simulacrum (Coc:7)
  A spectral wolf (Depths:4)
  105 wights
  A tengu skeleton (WizLab)
  2 electric eels (Spider:4)
  2 howler monkeys
  5 lava snakes (Lair:6)
  12 crimson imps
  2 quasits
  A bullfrog zombie (D:12)
  2 centaur zombies
  23 orc priests
  Crazy Yiuf (D:6)
  A gnoll shaman (D:6)
  6 hounds
  A jelly (D:8)
  A bullfrog skeleton (D:9)
  27 iron imps
  A black bear skeleton (Crypt:2)
  13 hell rats
  5 iguanas
  27 orc wizards
  7 worker ants
  A lightning spire (Zot:4)
  An ogre zombie (Geh:4)
  3 tengu zombies
  3 hound skeletons
  3 hound zombies
  4 mummies
  A worker ant zombie (D:11)
  12 gnolls
  16 adders
  A river rat (D:4)
  11 shadow imps
  15 white imps
  2 ufetubi (Abyss:2)
  11 oozes
  A worm zombie (Crypt:1)
  An adder skeleton (D:5)
  2 dart slugs (D:3)
  15 leopard geckos
  88 orcs
  7 bats
  19 giant cockroaches
  12 goblins
  8 hobgoblins
  A jackal (D:11)
  39 kobolds
  6 quokkas
  10 ball pythons
  13 frilled lizards
  A gnoll skeleton (Crypt:1)
  2 jackal skeletons
  2 leopard gecko skeletons (D:5)
  A leopard gecko zombie (D:5)
  An orc skeleton (Geh:2)
  2 orc zombies
  13 rats
  2 crawling corpses (Vaults:5)
  2 fire vortices (Geh:4)
  A starspawn tentacle (WizLab)
  3 tentacles
4538 creatures vanquished.

Vanquished Creatures (collateral kills)
  Asmodeus (Geh:7)
  Bai Suzhen (Shoals:3)
  A Brimstone Fiend (Geh:7)
  A titan (Vaults:5)
  A quicksilver dragon (Vaults:5)
  Polyphemus (Shoals:2)
  A shadow dragon (Vaults:5)
  A storm dragon (Vaults:5)
  A frost giant (Vaults:5)
  A yaktaur captain (Vaults:5)
  6 vault guards (Vaults:5)
  A death yak (Shoals:2)
  A hell hog (Geh:7)
  A sea snake (Shoals:2)
  A deep elf archer (Vaults:5)
  A vault sentinel (Vaults:5)
  A water nymph (Shoals:2)
  A freezing wraith (Vaults:5)
  4 yaktaurs (Vaults:5)
  A bog body (Coc:7)
  A raiju (shapeshifter) (Vaults:5)
  A flying skull (Coc:7)
  A redback (Spider:2)
  A spiny frog zombie (Coc:7)
  2 orc warriors (Vaults:5)
  An ogre (Vaults:5)
  An iron imp (Dis:7)
  An orc (Vaults:5)
37 creatures vanquished.

Vanquished Creatures (others)
  Margery (Depths:4)
  Asterion (Spider:2)
  A deep elf master archer (Elf:3)
  An eldritch tentacle (WizLab)
  An elemental wellspring (Coc:5)
  4 yaktaur captains
  9 yaktaurs
  A red devil (Geh:1)
  A redback (Spider:3)
  A tarantella (Spider:3)
  A wraith (Geh:7)
  A fire bat (Pan)
  2 orc warriors
  2 ogres
  2 centaurs
  A crimson imp (Hell)
  A mummy (Dis:2)
  A frilled lizard (D:1)
  2 bushes (Lair:6)
  32 fungi (Lair:6)
  48 plants
  12 starspawn tentacles (WizLab)
  13 tentacles
139 creatures vanquished.

Grand Total: 4714 creatures vanquished

Notes
Turn   | Place    | Note
-------+----------+-------------------------------------------
     0 | D:1      | erloom the Minotaur Fighter began the quest for the Orb.
     0 | D:1      | Reached XP level 1. HP: 19/19 MP: 0/0
   134 | D:1      | Reached XP level 2. HP: 27/27 MP: 1/1
   704 | D:2      | Reached XP level 3. HP: 34/34 MP: 2/2
   720 | D:2      | Noticed an ogre
  1080 | D:2      | Found a deep blue altar of Sif Muna.
  1080 | D:2      | Found an ornate altar of the Wu Jian Council.
  1080 | D:2      | Found a glowing silver altar of Zin.
  1090 | D:2      | Found a burning altar of Makhleb.
  1257 | D:2      | Reached XP level 4. HP: 40/41 MP: 3/3
  1395 | D:3      | Reached skill level 5 in Fighting
  1419 | D:3      | Reached XP level 5. HP: 36/48 MP: 4/4
  1587 | D:3      | Reached skill level 5 in Axes
  1754 | D:3      | Found a sparkling altar of Nemelex Xobeh.
  2330 | D:4      | Found a glowing drain.
  2353 | Sewer    | Entered a sewer
  2357 | Sewer    | Reached XP level 6. HP: 57/57 MP: 5/5
  2808 | D:4      | Found a shimmering altar of Xom.
  2808 | D:4      | Found a radiant altar of Vehumet.
  2808 | D:4      | Found a blossoming altar of Fedhas.
  3126 | D:5      | Entered Level 5 of the Dungeon
  3139 | D:4      | Reached XP level 7. HP: 56/66 MP: 6/6
  3189 | D:5      | Got a smoking falchion
  3209 | D:5      | Identified the +9 falchion "Hell-Harrower" {speed, *Corrode MR++} (You found it on level 5 of the Dungeon)
  3233 | D:5      | Noticed Edmund
  3248 | D:5      | Killed Edmund
  3248 | D:5      | Reached skill level 1 in Long Blades
  3304 | D:5      | Noticed Eustachio
  3311 | D:5      | Killed Eustachio
  3335 | D:5      | Found Loec Qape's Assorted Antiques.
  3423 | D:5      | Reached XP level 8. HP: 75/75 MP: 7/7
  3669 | D:6      | Reached skill level 5 in Long Blades
  4150 | D:6      | Reached skill level 10 in Fighting
  4195 | D:6      | Reached skill level 5 in Armour
  4195 | D:6      | Reached XP level 9. HP: 85/85 MP: 8/8
  4566 | D:6      | Found a runed door.
  4778 | D:6      | Noticed Crazy Yiuf
  4781 | D:6      | Killed Crazy Yiuf
  4946 | D:7      | Found a staircase to the Ecumenical Temple.
  4954 | Temple   | Entered the Ecumenical Temple
  5408 | Temple   | Became a worshipper of the Shining One
  6122 | D:8      | Found an iron altar of Okawaru.
  6369 | D:8      | Found a roughly hewn altar of Beogh.
  6619 | D:8      | Found the +9 scales of the Dragon King {rPois rF+ rC+ MR+}
  6714 | D:8      | Found a flagged portal.
  6729 | Bailey   | Entered a bailey
  6729 | Bailey   | Noticed an orc knight
  6729 | Bailey   | Noticed an orc knight
  6729 | Bailey   | Noticed an orc knight
  7561 | D:9      | Reached XP level 10. HP: 96/96 MP: 9/9
  7581 | D:9      | Reached * piety under the Shining One
  7598 | D:9      | Noticed a two-headed ogre
  7614 | D:9      | Killed a two-headed ogre
  7989 | D:9      | Reached skill level 5 in Shields
  8030 | D:9      | Noticed a two-headed ogre
  8047 | D:9      | Killed a two-headed ogre
  8047 | D:9      | Reached skill level 1 in Invocations
  8077 | D:9      | Noticed a two-headed ogre
  8090 | D:9      | Killed a two-headed ogre
  8103 | D:9      | Found a shadowy altar of Dithmenos.
  8209 | D:9      | Reached skill level 10 in Long Blades
  8558 | D:10     | Entered Level 10 of the Dungeon
  8566 | D:10     | Reached ** piety under the Shining One
  8585 | D:10     | Noticed Erolcha
  8610 | D:10     | Killed Erolcha
  8610 | D:10     | Reached XP level 11. HP: 76/105 MP: 12/12
  9147 | D:10     | Noticed a two-headed ogre
  9156 | D:10     | Killed a two-headed ogre
  9199 | D:10     | Found a staircase to the Orcish Mines.
  9227 | D:10     | Noticed Sonja
  9239 | D:10     | Killed Sonja
  9281 | D:10     | Noticed a six-headed hydra
  9341 | D:11     | Reached skill level 10 in Armour
  9430 | D:11     | Noticed a two-headed ogre
  9437 | D:11     | Killed a two-headed ogre
  9518 | D:11     | Reached *** piety under the Shining One
  9567 | D:11     | Reached skill level 5 in Invocations
  9612 | D:11     | Reached skill level 1 in Evocations
  9640 | D:11     | Noticed a deep elf mage
  9650 | D:11     | Killed a deep elf mage
 10031 | D:12     | Found a burning altar of Makhleb.
 10125 | D:12     | Reached XP level 12. HP: 115/115 MP: 15/15
 10894 | D:10     | Found a staircase to the Lair.
 10905 | Lair:1   | Entered Level 1 of the Lair of Beasts
 11006 | Lair:1   | Noticed a death yak
 11053 | Lair:1   | Noticed an eight-headed hydra
 11069 | Lair:1   | You fall through a shaft!
 11645 | Lair:2   | Found a staircase to the Shoals.
 11770 | Lair:2   | Noticed an eight-headed hydra
 11788 | Lair:3   | Reached **** piety under the Shining One
 12205 | Lair:1   | Noticed Gastronok
 12224 | Lair:1   | Killed Gastronok
 12289 | Lair:1   | Killed a death yak
 12534 | Lair:3   | Found a hole to the Spider Nest.
 12637 | Lair:3   | Reached XP level 13. HP: 124/124 MP: 17/17
 12916 | Lair:4   | Reached skill level 10 in Shields
 14612 | Lair:6   | Entered Level 6 of the Lair of Beasts
 14725 | Lair:6   | Noticed a fire dragon
 15087 | Lair:6   | Found a large runed door.
 15087 | Lair:6   | Found a large runed door.
 15126 | Lair:6   | Killed a fire dragon
 15342 | Lair:6   | Reached ***** piety under the Shining One
 15898 | Lair:6   | Reached skill level 15 in Fighting
 16041 | Lair:6   | Reached XP level 14. HP: 127/135 MP: 19/19
 16048 | Lair:6   | Found a staircase to the Slime Pits.
 16683 | Orc:1    | Entered Level 1 of the Orcish Mines
 17514 | Orc:2    | Entered Level 2 of the Orcish Mines
 17540 | Orc:2    | Found a staircase to the Elven Halls.
 17654 | Orc:2    | Found a labyrinth entrance.
 17663 | Lab      | Entered a labyrinth
 17922 | Lab      | Got a glittering marble ring
 17924 | Lab      | Identified the ring "Lunicsuh" {rC+ MR+ Str+3 Int+2 Stlth-} (You took it off a minotaur in a labyrinth)
 17932 | Lab      | Identified the Grimoire of the Trees
 18550 | Orc:2    | Found Joutustra's Distillery.
 18550 | Orc:2    | Found Apnuuhak's Antique Weapon Shoppe.
 18552 | Orc:2    | Found Ylittoq's General Store.
 18552 | Orc:2    | Found Zacsont's Magic Scroll Shoppe.
 18560 | Orc:2    | Bought a potion of heal wounds for 65 gold pieces
 18795 | Orc:2    | Found a roughly hewn altar of Beogh.
 19384 | Shoals:1 | Entered Level 1 of the Shoals
 19684 | Shoals:1 | Noticed Nikola
 19695 | Shoals:1 | Killed Nikola
 19723 | Shoals:1 | Noticed Louise
 19766 | Shoals:1 | Killed Louise
 19771 | Shoals:1 | Reached skill level 10 in Invocations
 20150 | Shoals:1 | Noticed Aizul
 20187 | Shoals:1 | Killed Aizul
 20204 | Shoals:1 | Noticed Roxanne
 20520 | Shoals:2 | Noticed Jorgrun
 20544 | Shoals:2 | Killed Jorgrun
 20575 | Shoals:2 | Found Tul Emil's Armour Emporium.
 20598 | Shoals:2 | Reached XP level 15. HP: 129/144 MP: 21/21
 21037 | Shoals:2 | Noticed Polyphemus
 21116 | Shoals:2 | Killed Polyphemus
 21209 | Shoals:2 | Got a pitted iron ring
 21239 | Shoals:2 | Identified the ring "Omaapn" {rElec rC+ Str+4} (You found it on level 2 of the Shoals)
 22885 | Shoals:4 | Entered Level 4 of the Shoals
 23727 | Shoals:4 | Found Daock's Weapon Shop.
 23727 | Shoals:4 | Noticed Bai Suzhen
 23762 | Shoals:3 | Killed Bai Suzhen
 23762 | Shoals:3 | Reached skill level 15 in Armour
 24022 | Shoals:3 | Reached skill level 5 in Evocations
 24923 | Shoals:4 | Reached XP level 16. HP: 155/155 MP: 23/23
 25565 | Shoals:4 | Found the +7 great mace "Undeadhunter" {disrupt, rN+}
 25638 | Shoals:4 | Got a barnacled rune of Zot
 25815 | Shoals:4 | Noticed Ilsuiw
 25847 | Shoals:4 | Killed Ilsuiw
 25924 | Shoals:4 | Identified a scroll of acquirement
 26628 | Spider:1 | Entered Level 1 of the Spider Nest
 26929 | Spider:1 | Reached skill level 1 in Throwing
 27453 | Spider:2 | Noticed Asterion
 27457 | Spider:2 | Noticed an Executioner
 27473 | Spider:2 | Killed Asterion
 27601 | Spider:2 | Found a frozen archway.
 27619 | IceCv    | Entered an ice cave
 28151 | IceCv    | Got a crude silver ring
 28175 | IceCv    | Reached skill level 15 in Shields
 28207 | IceCv    | Identified the ring of Awkehee Awyr {AC+1 Int+5 Dex+3 Stlth+} (You found it in an ice cave)
 28414 | IceCv    | Reached ****** piety under the Shining One
 30290 | Spider:3 | Reached XP level 17. HP: 161/166 MP: 24/24
 31734 | Spider:4 | Entered Level 4 of the Spider Nest
 32885 | Spider:4 | Got a gossamer rune of Zot
 34552 | D:14     | Noticed Nessos
 34587 | D:14     | Killed Nessos
 34678 | D:14     | Found a gate to the Vaults.
 34886 | D:14     | Reached XP level 18. HP: 179/180 MP: 25/25
 35129 | D:14     | Noticed Snorg
 35139 | D:14     | Killed Snorg
 35458 | D:15     | Entered Level 15 of the Dungeon
 35458 | D:15     | Noticed buskinjo2's ghost (journeyman OpFi)
 35578 | D:15     | Killed buskinjo2's ghost
 35634 | D:15     | Reached skill level 10 in Evocations
 35728 | D:15     | Got a smoking morningstar {holy}
 35730 | D:15     | Identified the +10 morningstar "Qingoff" {holy, *Contam rElec rPois Stlth+} (You took it off a kobold demonologist on level 15 of the Dungeon)
 35769 | D:15     | Found a staircase to the Depths.
 36341 | Elf:1    | Entered Level 1 of the Elven Halls
 36421 | Elf:1    | Found an ancient bone altar of Kikubaaqudgha.
 36777 | Elf:1    | Found Jennil's Gadget Emporium.
 36777 | Elf:1    | Found Afuasser's Jewellery Boutique.
 36778 | Elf:1    | Found Dexoah's Jewellery Boutique.
 37252 | Elf:1    | Identified the Guide on Sinister Rites
 37434 | Elf:2    | Noticed an Ice Fiend
 37442 | Elf:2    | Noticed Donald
 37745 | Elf:1    | Killed Donald
 38014 | Elf:2    | Found Nerro's Food Boutique.
 38235 | Elf:2    | Found a huge runed gate.
 38235 | Elf:2    | Found a huge runed gate.
 38235 | Elf:2    | Found a huge runed gate.
 38238 | Elf:2    | Found a huge runed gate.
 38246 | Elf:2    | Found a huge runed gate.
 38407 | Elf:2    | Reached XP level 19. HP: 187/193 MP: 26/26
 39226 | Elf:3    | Entered Level 3 of the Elven Halls
 39813 | Elf:3    | Got a warped marble ring
 40453 | Elf:2    | Identified the ring "Xixkots" {+Inv rC+++ Int-5 Slay+5 Stlth+} (You took it off a deep elf annihilator on level 3 of the Elven Halls)
 40489 | Elf:3    | Got a pitted wooden ring
 40891 | Elf:3    | Identified the cursed ring "Joaloxac" {rElec rPois Str-2 Dex-2} (You took it off a deep elf death mage on level 3 of the Elven Halls)
 40921 | Elf:3    | Got a scintillating steel ring
 40928 | Elf:3    | Identified Qinlairph's Guide on Torrid Contamination
 40942 | Elf:3    | Identified the Compendium of the Five Dreams
 40985 | Elf:3    | Identified the Tome of Air and Poisoning
 40992 | Elf:3    | Identified the ring "Citupyr" {rElec rN+ MP+9 Dex-5} (You found it on level 3 of the Elven Halls)
 41219 | Elf:3    | Got a heavily runed cloak
 41220 | Elf:3    | Identified the +2 cloak of Gluttony {+Inv MP+9 Str-2 Dex+8} (You acquired it on level 3 of the Elven Halls)
 41316 | Elf:3    | Found Pouhu's Distillery.
 41355 | Elf:3    | Bought a potion of heal wounds for 75 gold pieces
 41355 | Elf:3    | Bought a potion of curing for 45 gold pieces
 41355 | Elf:3    | Bought a potion of haste for 150 gold pieces
 41355 | Elf:3    | Bought 2 potions of heal wounds for 150 gold pieces
 41995 | Vaults:1 | Entered Level 1 of the Vaults
 42095 | Vaults:1 | Reached XP level 20. HP: 157/207 MP: 27/27
 44362 | Vaults:2 | Found a staircase to the Crypt.
 44362 | Vaults:2 | Found a basalt altar of Yredelemnul.
 44363 | Vaults:2 | Found an ancient bone altar of Kikubaaqudgha.
 44452 | Vaults:2 | Reached XP level 21. HP: 213/221 MP: 28/28
 45968 | Vaults:3 | Reached skill level 27 in Fighting
 46556 | Vaults:4 | Found Zith's General Store.
 46570 | Vaults:4 | Bought a scroll of magic mapping for 70 gold pieces
 46570 | Vaults:4 | Bought a scroll of enchant weapon for 150 gold pieces
 46570 | Vaults:4 | Bought 3 scrolls of teleportation for 180 gold pieces
 47219 | Vaults:4 | Reached skill level 1 in Dodging
 47219 | Vaults:4 | Reached XP level 22. HP: 231/233 MP: 29/29
 47887 | Depths:1 | Entered Level 1 of the Depths
 48480 | Depths:1 | Found a gateway to Hell.
 49331 | Depths:2 | Reached skill level 5 in Dodging
 50172 | Depths:2 | Found a one-way gate leading to the halls of Pandemonium.
 50448 | Depths:2 | Found a one-way gate to the infinite horrors of the Abyss.
 51058 | Depths:3 | Found a magical portal.
 51160 | Depths:3 | Found a gateway to a ziggurat.
 51229 | WizLab   | Entered The Roulette of Golubria
 51229 | WizLab   | Found a transporter.
 51240 | WizLab   | Found a corrupted altar of Lugonu.
 51241 | WizLab   | Found the +1 cloak of Starlight {rElec rC+ EV+4 Stlth--}
 51332 | WizLab   | Found a corrupted altar of Lugonu.
 51339 | WizLab   | Found a transporter.
 51351 | WizLab   | Found a transporter.
 51445 | WizLab   | Found a transporter.
 51453 | WizLab   | Reached XP level 23. HP: 240/240 MP: 31/31
 51479 | WizLab   | Found a transporter.
 51495 | WizLab   | Found a transporter.
 51495 | WizLab   | Found a transporter.
 51535 | WizLab   | Found a transporter.
 51535 | WizLab   | Found a transporter.
 51575 | WizLab   | Found a transporter.
 51575 | WizLab   | Found a transporter.
 51626 | WizLab   | Found a transporter.
 51662 | WizLab   | Found a transporter.
 51737 | WizLab   | Found a transporter.
 51737 | WizLab   | Found a transporter.
 51737 | WizLab   | Found a transporter.
 51808 | WizLab   | Got a heavily runed cloak
 51819 | WizLab   | Got a polished cloak
 51851 | Depths:3 | Identified the +1 cloak "Vaobb" {rN+ Str+5} (You found it in a wizard's laboratory)
 51852 | Depths:3 | Identified the +0 cloak "Lagro" {Str+2} (You found it in a wizard's laboratory)
 52007 | Depths:3 | Noticed a caustic shrike
 52027 | Depths:3 | Killed a caustic shrike
 52056 | Depths:3 | Noticed a caustic shrike
 52071 | Depths:3 | Killed a caustic shrike
 52119 | Depths:2 | Reached skill level 10 in Dodging
 53451 | Depths:4 | Identified an eudemon blade of holy wrath {god gift} (a demon blade of flaming blessed by the Shining One)
 53451 | Depths:4 | Received a gift from the Shining One
 54008 | Depths:4 | Noticed Margery
 54038 | Depths:4 | Killed Margery
 54318 | Depths:4 | Reached skill level 1 in Spellcasting
 54375 | Depths:4 | Found an ancient bone altar of Kikubaaqudgha.
 54390 | Depths:4 | Noticed Jory
 54418 | Depths:4 | Killed Jory
 54418 | Depths:4 | Reached XP level 24. HP: 249/249 MP: 32/32
 55220 | Depths:5 | Entered Level 5 of the Depths
 55938 | Depths:5 | Found a gate to the Realm of Zot.
 56808 | Crypt:1  | Entered Level 1 of the Crypt
 56855 | Crypt:1  | Reached skill level 1 in Translocations
 57133 | Crypt:1  | Reached skill level 5 in Spellcasting
 58156 | Crypt:3  | Entered Level 3 of the Crypt
 58204 | Crypt:3  | Reached XP level 25. HP: 257/257 MP: 32/32
 58264 | Crypt:3  | Reached skill level 5 in Translocations
 58268 | Crypt:3  | Learned a level 2 spell: Blink
 58527 | Crypt:3  | Found a staircase to the Tomb.
 58559 | Crypt:3  | Reached skill level 15 in Dodging
 58561 | Crypt:3  | Noticed an ancient lich
 58568 | Crypt:3  | Killed an ancient lich
 58586 | Crypt:3  | Found a basalt altar of Yredelemnul.
 58633 | Crypt:3  | Got a transparent ruby amulet
 58638 | Crypt:3  | Identified the amulet of Anarchy {Faith rF+ Str+4 Int+4} (You found it on level 3 of the Crypt)
 58876 | Crypt:3  | Reached skill level 27 in Armour
 59654 | Vaults:5 | Entered Level 5 of the Vaults
 59720 | Vaults:5 | Noticed an ancient lich
 59754 | Vaults:5 | Killed an ancient lich
 59968 | Vaults:5 | Reached skill level 5 in Throwing
 60382 | Vaults:5 | Reached XP level 26. HP: 146/266 MP: 33/33
 60460 | Vaults:5 | Reached skill level 10 in Translocations
 60558 | Vaults:5 | Got a silver rune of Zot
 60592 | Vaults:5 | Got a twisted battleaxe {flame}
 60592 | Vaults:5 | Got a warped double sword {freeze}
 60661 | Vaults:5 | Identified the cursed +2 double sword "Imp's Funeral" {freeze, rElec rF- rC+++ MR-} (You took it off a vault warden on level 5 of the Vaults)
 60662 | Vaults:5 | Identified the +5 battleaxe of Demonkind {flame, rF++} (You took it off an orc on level 5 of the Vaults)
 60681 | Vaults:5 | Identified the +0 buckler of Space {Int+8} (You acquired it on level 5 of the Vaults)
 61827 | Zot:1    | Entered Level 1 of the Realm of Zot
 63393 | Zot:2    | Reached skill level 10 in Throwing
 64010 | Zot:2    | Got a polished shield
 64012 | Zot:2    | Identified the +2 shield of the Shoals {Str+2 SInv Stlth-} (You acquired it on level 2 of the Realm of Zot)
 64299 | Zot:3    | Reached skill level 10 in Spellcasting
 64299 | Zot:3    | Reached XP level 27. HP: 272/272 MP: 36/36
 64670 | Zot:4    | Noticed an orb of fire
 64676 | Zot:4    | Gained mutation: You have large cloven feet. [an orb of fire]
 64691 | Zot:3    | Killed an orb of fire
 66231 | Zot:4    | Found a transporter.
 66421 | Zot:4    | Found a transporter.
 66453 | Zot:4    | Identified the ring of Uniok {*Drain rElec MR+ Dex+2 Stlth-} (You found it on level 4 of the Realm of Zot)
 66931 | D:10     | Learned a level 3 spell: Lesser Beckoning
 66934 | D:10     | Learned a level 2 spell: Shroud of Golubria
 66940 | D:10     | Learned a level 1 spell: Summon Butterflies
 66943 | D:10     | Learned a level 1 spell: Beastly Appendage
 66945 | D:10     | Learned a level 1 spell: Sandblast
 66950 | D:10     | Learned a level 1 spell: Apportation
 67128 | Hell     | Entered the Vestibule of Hell
 67128 | Hell     | Noticed Geryon
 67180 | Depths:1 | Reached skill level 1 in Transmutations
 67180 | Depths:1 | Reached skill level 1 in Earth Magic
 68398 | Hell     | Reached skill level 15 in Invocations
 68446 | Hell     | Killed Geryon
 68488 | Hell     | Found a gateway to the ashen valley of Gehenna.
 68520 | Hell     | Found a gateway to the freezing wastes of Cocytus.
 68681 | Hell     | Found a gateway to the decaying netherworld of Tartarus.
 68901 | Depths:2 | Voluntarily entered the Abyss.
 69059 | Abyss:2  | Found a snail-covered altar of Cheibriados.
 69332 | Abyss:4  | Got an abyssal rune of Zot
 69519 | Depths:2 | Escaped the Abyss
 69594 | Coc:1    | Entered Level 1 of Cocytus
 69903 | Coc:4    | Reached skill level 5 in Earth Magic
 69923 | Coc:4    | Reached skill level 5 in Transmutations
 70218 | Coc:7    | Entered Level 7 of Cocytus
 70740 | Coc:7    | Noticed the Serpent of Hell
 70756 | Coc:7    | Killed the Serpent of Hell
 70978 | Coc:7    | Noticed Antaeus
 71017 | Coc:7    | Killed Antaeus
 71128 | Coc:7    | Found the ring of the Octopus King
 71152 | Coc:7    | Got a ring of the Octopus King
 71153 | Coc:7    | Identified a ring of the Octopus King {rF+ AC+1 EV+1 Str+1 Int+1 Dex+1} (You found it on level 7 of Cocytus)
 71769 | Coc:7    | Got an icy rune of Zot
 72040 | D:10     | Learned a level 6 spell: Statue Form
 72141 | Shoals:1 | Killed Roxanne
 72144 | Shoals:1 | Identified Roxanne's Guide on the Mountains (You took it off Roxanne on level 1 of the Shoals)
 72651 | Tar:1    | Entered Level 1 of Tartarus
 73264 | Tar:4    | Reached skill level 10 in Earth Magic
 73332 | Tar:5    | Reached skill level 10 in Transmutations
 73367 | Tar:7    | Entered Level 7 of Tartarus
 73568 | Tar:7    | Noticed an ancient lich
 73579 | Tar:7    | Killed an ancient lich
 73608 | Tar:7    | Noticed an ancient lich
 73617 | Tar:7    | Killed an ancient lich
 73676 | Tar:7    | Identified the +6 double sword "Mufaguck" {freeze, rC+ MR++ SInv} (You found it on level 7 of Tartarus)
 73706 | Tar:7    | Identified Vehumet's Collected Works on Battle Magic
 73722 | Tar:7    | Identified the Reference Book on Translocation
 73906 | Tar:7    | Noticed Ereshkigal
 73935 | Tar:7    | Paralysed by Ereshkigal for 3 turns
 73940 | Tar:7    | Killed Ereshkigal
 73976 | Tar:7    | Got a bone rune of Zot
 74538 | Tar:7    | Identified the Volume of Snow
 74628 | Hell     | Found a gateway to the Iron City of Dis.
 74633 | Dis:1    | Entered Level 1 of the Iron City of Dis
 75681 | Dis:7    | Entered Level 7 of the Iron City of Dis
 77164 | Dis:7    | Identified the +7 scimitar of Caiseih {flame, Str+2} (You found it on level 7 of the Iron City of Dis)
 77479 | Dis:7    | Identified the Volume of Vitriolic Feathers
 77944 | Dis:7    | Reached skill level 15 in Spellcasting
 78409 | Dis:7    | Noticed Dispater
 78441 | Dis:7    | Killed Dispater
 78462 | Dis:7    | Got an iron rune of Zot
 78731 | Geh:1    | Entered Level 1 of Gehenna
 81398 | Geh:3    | Gained mutation: You do not regenerate when monsters are visible. [mutagenic glow]
 81438 | Geh:3    | Gained mutation: You have supernaturally acute eyesight. (SInv) [mutagenic glow]
 81503 | Geh:3    | Gained mutation: You are dopey. (Int -2) [mutagenic glow]
 81557 | Geh:4    | Gained mutation: You are very dopey. (Int -4) [mutagenic glow]
 81597 | Geh:4    | Gained mutation: You tend to lose your temper in combat. [mutagenic glow]
 81695 | Geh:4    | Gained mutation: You are weak. (Str -2) [mutagenic glow]
 83478 | Geh:7    | Entered Level 7 of Gehenna
 84026 | Geh:7    | Gained mutation: You are partially covered in molten scales. (AC +2) [mutagenic glow]
 84051 | Geh:7    | Gained mutation: Your magical capacity is low. (-10% MP) [mutagenic glow]
 84434 | Geh:7    | Found the amulet of the Air {Inacc +Fly rElec EV+5 RMsl}
 84555 | Geh:7    | Noticed Asmodeus
 84587 | Geh:7    | Killed Asmodeus
 84601 | Geh:7    | Found the +8 longbow "Zephyr" {speed, Dex+3 SInv}
 84603 | Geh:7    | Found the +4 dagger "Morg" {pain, MR+ Int+5}
 84604 | Geh:7    | Identified the +1 pair of gloves "Logaric" {+Fly MR+ Stlth+} (You found it on level 7 of Gehenna)
 84610 | Geh:7    | Identified Firoga's Grimoire of the Mountains
 84613 | Geh:7    | Identified the ring "Piaviy" {EV+3 Str+4} (You found it on level 7 of Gehenna)
 84618 | Geh:7    | Identified Kaxish's Tome of Freezing Protection
 84640 | Geh:7    | Got a steaming wooden ring
 84641 | Geh:7    | Identified the ring of the Mantidfly {+Blink AC+1 Int+3 Stlth-} (You found it on level 7 of Gehenna)
 84642 | Geh:7    | Identified the Incunabulum of Supportive Moulding
 84673 | Geh:7    | Got a brightly glowing brass ring
 84674 | Geh:7    | Identified the ring "Wouh" {rCorr rC+++ Str+3 Dex-3} (You found it on level 7 of Gehenna)
 84676 | Geh:7    | Identified the Compendium of Wyrd
 84682 | Geh:7    | Identified the Almanac of Displacement and Clay
 84696 | Geh:7    | Got an obsidian rune of Zot
 84815 | Geh:7    | Reached skill level 15 in Earth Magic
 85122 | D:9      | Lost mutation: You tend to lose your temper in combat. [potion of mutation]
 85122 | D:9      | Lost mutation: You have large cloven feet. [potion of mutation]
 85122 | D:9      | Lost mutation: You are weak. (Str -2) [potion of mutation]
 85122 | D:9      | Lost mutation: You are very dopey. (Int -4) [potion of mutation]
 85122 | D:9      | Gained mutation: You are weak. (Str -2) [potion of mutation]
 85122 | D:9      | Gained mutation: You possess an exceptional clarity of mind. [potion of mutation]
 85122 | D:9      | Gained mutation: You evolve. [potion of mutation]
 85192 | D:9      | Lost mutation: Your magical capacity is low. (-10% MP) [potion of mutation]
 85192 | D:9      | Lost mutation: You are weak. (Str -2) [potion of mutation]
 85192 | D:9      | Gained mutation: Your muscles are strong. (Str +2) [potion of mutation]
 85310 | Elf:2    | Lost mutation: You have supernaturally acute eyesight. (SInv) [potion of mutation]
 85310 | Elf:2    | Lost mutation: You do not regenerate when monsters are visible. [potion of mutation]
 85310 | Elf:2    | Lost mutation: You possess an exceptional clarity of mind. [potion of mutation]
 85310 | Elf:2    | Gained mutation: You are clumsy. (Dex -2) [potion of mutation]
 85310 | Elf:2    | Gained mutation: You have a pair of large horns on your head. [potion of mutation]
 85310 | Elf:2    | Gained mutation: Your system is resistant to poisons. (rPois) [potion of mutation]
 85510 | Slime:1  | Entered Level 1 of the Pits of Slime
 85591 | Slime:1  | Reached skill level 15 in Transmutations
 85666 | Slime:1  | Gained mutation: You are mostly covered in molten scales. (AC +3) [evolution]
 86718 | Slime:3  | Gained mutation: Your magical capacity is low. (-10% MP) [a shining eye]
 86718 | Slime:3  | Gained mutation: Your body sometimes deteriorates upon taking damage. [a shining eye]
 86721 | Slime:3  | Gained mutation: You are very clumsy. (Dex -4) [a shining eye]
 86724 | Slime:3  | Gained mutation: Scrolls take you a little longer to read. [a shining eye]
 88148 | Slime:5  | Entered Level 5 of the Pits of Slime
 88424 | Slime:5  | Noticed the Royal Jelly
 88847 | Slime:5  | Found a viscous altar of Jiyva.
 88875 | Slime:5  | Gained mutation: You tend to lose your temper in combat. [a shining eye]
 88919 | Slime:5  | Killed the Royal Jelly
 89159 | Slime:5  | Got a slimy rune of Zot
 89193 | Slime:5  | Identified the cursed +1 broad axe of Oqups {venom, Int+6} (You found it on level 5 of the Pits of Slime)
 89217 | Slime:5  | Learned a level 2 spell: Song of Slaying
 89903 | Pan      | Entered Pandemonium
 90061 | Pan      | Reached skill level 1 in Charms
 90098 | Depths:2 | Escaped Pandemonium
 90230 | Pan      | Entered Pandemonium
 90255 | Pan      | Noticed Olueddub the pandemonium lord
 90255 | Pan      | HP: 11/263 [hellion/damnation (23)]
 90256 | Pan      | Killed from afar by a hellion

Skill      XL: |  1  2  3  4  5  6  7  8  9 10 11 12 13 14 15 16 17 18 19 20 21 22 23 24 25 26 27 |
---------------+----------------------------------------------------------------------------------+-----
Fighting       | 4 5 6 7 8 10 11 12 13 14 15 16 17 18 20 22 24 26 27 | 27.0
Axes           | 3 4 5 6 7 |  7.0
Long Blades    | 3 6 8 10 11 12 13 14 | 14.0
Armour         | 5 7 9 10 11 12 14 15 16 17 18 20 21 23 24 25 26 27 | 27.0
Shields        | 4 6 8 9 11 12 14 15 | 15.0
Invocations    | 3 5 7 8 10 11 13 14 22 | 22.0
Evocations     | 1 3 5 7 9 10 | 10.0
Throwing       | 1 6 10 12 | 12.6
Dodging        | 1 8 12 14 16 18 25 | 25.6
Spellcasting   | 1 5 7 10 16 | 16.7
Translocations | 4 9 10 | 10.1
Transmutations | 15 | 15.6
Earth Magic    | 15 | 15.7
Charms         | 1 |  1.1

Action                   |  1- 3 |  4- 6 |  7- 9 | 10-12 | 13-15 | 16-18 | 19-21 | 22-24 | 25-27 || total
-------------------------+-------+-------+-------+-------+-------+-------+-------+-------+-------++-------
Melee: War axe           |    80 |   224 |    13 |       |       |       |       |       |       ||   317
       Headbutt          |    11 |    33 |    60 |   161 |   408 |   602 |   779 |   877 |  2479 ||  5410
       Falchion          |       |       |   301 |   714 |  1800 |  1971 |  2158 |  1311 |       ||  8255
       Double sword      |       |       |       |       |       |   147 |       |       |       ||   147
       Eudemon blade     |       |       |       |       |       |       |       |   813 |  6285 ||  7098
 Cast: Shroud of Golubri |       |       |       |       |       |       |       |       |     5 ||     5
       Blink             |       |       |       |       |       |       |       |       |     2 ||     2
       Statue Form       |       |       |       |       |       |       |       |       |     1 ||     1
Invok: Cleansing Flame   |       |       |       |       |     4 |       |       |     1 |     6 ||    11
       Divine Shield     |       |       |       |       |     1 |     7 |     2 |     6 |     7 ||    23
       Summon Divine War |       |       |       |       |     2 |     1 |       |       |    10 ||    13
       Brand Weapon With |       |       |       |       |       |       |       |     1 |       ||     1
Evoke: Wand              |       |       |       |     1 |     2 |       |     3 |     1 |    10 ||    17
       Lamp of fire      |       |       |       |       |       |       |       |     1 |     3 ||     4
       Box of beasts     |       |       |       |       |       |       |       |       |     2 ||     2
       Lightning rod     |       |       |       |       |       |       |       |       |     5 ||     5
       Phial of floods   |       |       |       |       |       |       |       |       |     1 ||     1
  Use: Scroll            |       |     8 |     4 |     4 |    14 |    14 |     9 |    18 |    35 ||   106
       Potion            |       |       |     8 |       |     3 |     2 |     1 |     2 |    19 ||    35
  Eat: Chunk             |     1 |     7 |    23 |    19 |    44 |    24 |    30 |    22 |    35 ||   205
       Ration            |       |       |     1 |       |       |     4 |       |     4 |    24 ||    33
Armor: Scale mail        |    18 |       |       |       |       |       |       |       |       ||    18
       Chain mail        |       |   127 |    90 |       |       |       |       |       |       ||   217
       Gold dragon scale |       |       |    24 |   310 |   617 |   741 |   569 |   684 |  2147 ||  5092
Dodge: Dodged            |    37 |   109 |    59 |    70 |   105 |   173 |   159 |   500 |  2982 ||  4194
       Deflected         |       |       |       |       |    14 |    29 |     6 |       |       ||    49
Block: Shield            |    48 |   113 |   109 |   253 |   342 |   100 |   746 |  1064 |  5084 ||  7859
       Large shield      |       |       |       |       |   521 |  1511 |       |       |       ||  2032
       Reflection        |       |       |       |       |       |    14 |   100 |    55 |    90 ||   259
       Rpst.: Falchion   |       |       |    14 |    17 |    25 |    24 |    30 |    35 |       ||   145
       Double sword      |       |       |       |       |       |     2 |       |       |       ||     2
       Eudemon blade     |       |       |       |       |       |       |       |    50 |   498 ||   548
